 Dungeon Crawl Stone Soup version 0.24-a0-355-gbe4061de67 (console) character file.

Game seed: 4240951383629872340

449 Voker57 the Skirmisher (level 6, -2/52 HPs)
             Began as a Demonspawn Monk on May 24, 2019.
             Slain by a river rat (8 damage)
             ... summoned by Eustachio
             ... on level 4 of the Dungeon.
             The game lasted 00:07:26 (5042 turns).

Voker57 the Skirmisher (Demonspawn Monk)            Turns: 5042, Time: 00:07:26

Health: -2/52      AC:  4    Str: 11    XL:     6   Next: 74%
Magic:  6/6        EV: 21    Int: 11    God:
Gold:   182        SH:  0    Dex: 23    Spells: 5/5 levels left

rFire    . . .     SeeInvis .   a - +0 falchion
rCold    . . .     Gourm    .   (no shield)
rNeg     . . .     Faith    .   b - +0 robe
rPois    .         Spirit   .   (helmet restricted)
rElec    .         Reflect  .   (no cloak)
rCorr    +         Harm     .   (no gloves)
MR       .....                  d - +1 pair of boots
Stlth    +++.......             (no amulet)
HPRegen  0.17/turn              k - ring of resist corrosion
MPRegen  0.10/turn              (no ring)

@: agile
A: antennae 1, powered by death 1
a: no special abilities


You were on level 4 of the Dungeon.
You were not hungry.

You visited 1 branch of the dungeon, and saw 4 of its levels.
You also visited: Sewer.

You collected 182 gold pieces.

Inventory:

Hand Weapons
 a - a +0 falchion (weapon)
Missiles
 l - 12 poisoned darts (quivered)
Armour
 b - a +0 robe (worn)
 d - a +1 pair of boots (worn)
 p - a +0 helmet
Jewellery
 i - an uncursed amulet of harm
 k - a ring of resist corrosion (left hand)
Wands
 g - a wand of enslavement (3)
Scrolls
 e - 2 scrolls of immolation
 f - 2 scrolls of noise {unknown}
 j - a scroll of remove curse {unknown}
 q - 2 scrolls of teleportation
 r - 3 scrolls of identify
 v - a scroll of amnesia {unknown}
Potions
 h - a potion of berserk rage {unknown}
 m - 2 potions of curing
 n - 3 potions of ambrosia {unknown}
 s - 2 potions of flight {unknown}
 t - 2 potions of heal wounds {unknown}
Comestibles
 c - 5 rations
 o - a chunk of flesh


   Skills:
 + Level 5.8 Fighting
 - Level 2.6 Long Blades
 + Level 0.0 Throwing
 + Level 5.3 Dodging
 - Level 1.7 Stealth


You had 5 spell levels left.
You didn't know any spells.
Your spell library was empty.

Dungeon Overview and Level Annotations

Branches:
Dungeon (4/15)
 Temple: D:4-7

Altars:

Annotations:
D:4 Eustachio


Innate Abilities, Weirdness & Mutations

You have a pair of small antennae on your head.
You regenerate a little health from kills.


Message History

Throwing (i - inventory)
l - 13 poisoned darts (quivered)
Press: ? - help, Shift-Dir - straight line, f - iguana
Aim: an iguana (almost dead)
You throw a poisoned dart.
The poisoned dart barely misses the iguana.
The poisoned dart hits the iron imp.
The iron imp is poisoned.
The river rat barely misses you. The iguana misses you.
You hit the iguana but do no damage.
The iguana is almost dead.
The river rat closely misses you. The iguana barely misses you.
You hit the iguana but do no damage.
The iguana is almost dead.
The river rat closely misses you. The iguana bites you!
* * * LOW HITPOINT WARNING * * *
The river rat misses you.
You riposte.
You closely miss the river rat. You barely miss the river rat.
The iron imp looks more healthy.
The iguana barely misses you.
Eustachio gestures wildly while chanting.
Eustachio blinks!
The river rat bites you!
You die...

#######.#####(............#.##+##
..............##.#######.........
######.########.# #..#.#.#.# #.#
#.# #####.#######
#.####.########.# #.. ..# ####
#............(#.####.##### #...
######............##.##### #.##
#####...............####.##
#.....###ยง####..##........
#.##.#8..@#{.8#.##........ #
#.#..r#lb5.#.##.###>.#.
#.#....#5..#.........#.
#.+(#.#$#.##....##.....
##.#$#.#.'....##..###
#..(#....#....##.># #
#...(#...#....##..# #
#8..#.$.8#....##..###
.####+###............
.................###


You could see an iguana, an iron imp, a quasit, a river rat and a bat.

Vanquished Creatures
  A phantom (D:4)
  A big kobold (Sewer)
  Ijyb (D:3)
  Terence (D:3)
  Natasha (twice) (D:3)
  A hound skeleton (D:4)
  6 adders
  3 worms
  3 dart slugs
  3 leopard geckos
  9 orcs (D:3)
  2 ball pythons (D:1)
  8 bats
  7 giant cockroaches
  5 goblins
  12 hobgoblins
  8 jackals
  15 kobolds
  2 quokkas (D:2)
  5 frilled lizards
  8 rats
103 creatures vanquished.

Notes
Turn   | Place    | Note
-------+----------+-------------------------------------------
     0 | D:1      | Voker57 the Demonspawn Monk began the quest for the Orb.
     0 | D:1      | Reached XP level 1. HP: 18/18 MP: 1/1
   156 | D:1      | Gained mutation: You regenerate a little health from kills.
                  | [demonic ancestry]
   156 | D:1      | Reached XP level 2. HP: 20/24 MP: 2/2
  1234 | D:1      | Gained mutation: You have a pair of small antennae on your
                  | head. [demonic ancestry]
  1234 | D:1      | Reached XP level 3. HP: 28/29 MP: 3/3
  2407 | D:2      | Reached XP level 4. HP: 35/37 MP: 4/4
  2707 | D:3      | Noticed Ijyb
  2717 | D:3      | Killed Ijyb
  2925 | D:3      | Noticed Natasha
  2933 | D:3      | Killed Natasha
  2933 | D:3      | Reached XP level 5. HP: 31/43 MP: 5/5
  3031 | D:3      | Found a glowing drain.
  3042 | Sewer    | Entered a sewer
  3116 | Sewer    | Reached skill level 5 in Fighting
  3148 | Sewer    | Found a white marble altar of Elyvilon.
  3361 | D:3      | Noticed Terence
  3379 | D:3      | Killed Terence
  3379 | D:3      | Reached XP level 6. HP: 34/51 MP: 6/6
  3972 | D:3      | Noticed Natasha
  3978 | D:3      | Killed Natasha
  4477 | D:4      | Reached skill level 5 in Dodging
  4983 | D:4      | Noticed Eustachio
  5042 | D:4      | Slain by a river rat

Levels and vault maps discovered:
D:1:      kilobyte_arrival_exit_the_forest, layout_loops_ring
D:2:      layout_loops_cross, grunt_decor_cap, minmay_distorted
D:3:      layout_basic, portal_sewer_entry_d, roderic_serpentine_path,
          grunt_ministairs_9, grunt_decor_fettered, uniq_ijyb, uniq_terence,
          uniq_natasha
D:4:      layout_loops_ring, first_ration, minivault_1, minmay_misc_feat_doors,
          uniq_eustachio, uniq_blork_the_orc

Skill      XL: |  1  2  3  4  5  6 |
---------------+-------------------+-----
Dodging        | 3 4 5 |  5.3
Fighting       | 4 5 |  5.8
Long Blades    | |  2.6
Stealth        | |  1.7

Action                   |  1- 3 |  4- 6 || total
-------------------------+-------+-------++-------
Melee: Falchion          |   164 |   251 ||   415
Throw: Dart              |       |    33 ||    33
  Use: Scroll            |     4 |     1 ||     5
       Potion            |       |     5 ||     5
 Stab: Sleeping          |     5 |     4 ||     9
  Eat: Chunk             |     5 |     9 ||    14
Armor: Robe              |    45 |    39 ||    84
Dodge: Dodged            |   140 |   271 ||   411
       Rpst.: Falchion   |    51 |    86 ||   137

Table legend:
 A = Non-vault XP
 B = Vault XP
 C = Vault XP percentage of total XP
 D = Non-vault monster count
 E = Vault monster count
 F = Vault count percentage of total count
                 A         B        C        D         E       F
            +---------+---------+-------+---------+---------+-------
      Total |     401 |     241 |  37.5 |      86 |      17 |  16.5
            +---------+---------+-------+---------+---------+-------
        D:1 |      45 |       0 |   0.0 |      24 |       0 |   0.0
        D:2 |      81 |       1 |   1.2 |      31 |       1 |   3.1
        D:3 |      93 |     135 |  59.2 |      24 |       6 |  20.0
        D:4 |     182 |       0 |   0.0 |       7 |       0 |   0.0
      Sewer |       0 |     105 | 100.0 |       0 |      10 | 100.0
            +---------+---------+-------+---------+---------+-------
